AoeStats
← Edmond.

Black Forest

509415166Analyzed
2v2 RM · 5d ago on Sep 26, 2026· 59m 18s· 4 players
Game mode
Random Map
Map size
Medium (4 player)
Population
200
Speed
Normal
Resources
Standard
Victory
Conquest
Starting age
Dark Age
Ending age
Imperial Age
RankedLock teamsTeams togetherTeam positionsShared explorationLock speedFull tech treeHidden civsTurbo modeCheats
Victory
Defeat
🇺🇸 Japanese · United States
1108
+17
🇭🇷 Varangians · Croatia
1094
+18
🇨🇳 Varangians · China
1143
-18
🇨🇳 Hindustanis · China
1133
-17
ANDREY FLANKOVICH
0:37 Loom
10:55 Feudal Age
15:35 Castle Age
13:31 Double-Bit Axe
13:32 Horse Collar
19:27 Wheelbarrow
20:00 Scale Mail Armor
20:21 Forging
22:02 Bow Saw
24:28 Scale Barding Armor
25:16 Bloodlines
25:07 Town Watch
25:49 Fletching
27:12 Heavy Plow
27:26 Murder Holes
27:55 Chain Barding Armor
28:12 Iron Casting
28:18 Gold Mining
31:41 Imperial Age
30:01 Chain Mail Armor
30:30 Hand Cart
30:34 Gambesons
30:49 Squires
30:36 Arson
30:55 Bodkin Arrow
31:22 Ballistics
31:13 Masonry
31:08 Stone Mining
33:31 Chemistry
33:11 Conscription
33:36 Plate Mail Armor
34:50 Two-Man Saw
33:38 Elite Jarl
33:43 Gothikon
36:11 Blast Furnace
35:12 Bracer
35:18 Husbandry
35:19 Elite Varangian Guard
38:53 Plate Barding Armor
38:38 Caravan
38:49 Guilds
41:51 Architecture
41:27 Siege Engineers
42:37 Elite Jarl
45:19 Treadmill Crane
footy
1:06 Loom
12:18 Feudal Age
13:52 Double-Bit Axe
16:12 Castle Age
13:54 Horse Collar
17:11 Bow Saw
17:03 Heavy Plow
18:46 Town Watch
22:12 Wheelbarrow
28:15 Hand Cart
31:59 Imperial Age
31:00 Yasama
30:23 Pikeman
31:04 Squires
33:16 Conscription
32:20 Halberdier
33:02 Squires
32:47 Arson
33:56 Kataparuto
35:48 Chemistry
35:10 Ballistics
35:01 Masonry
37:21 Siege Engineers
37:13 Murder Holes
38:14 Treadmill Crane
38:44 Guard Tower
38:39 Arrowslits
42:56 Forging
42:46 Scale Mail Armor
42:37 Fletching
44:52 Iron Casting
45:33 Keep
45:09 Fortified Wall
44:56 Bodkin Arrow
45:17 Chain Mail Armor
47:08 Blast Furnace
47:28 Caravan
47:01 Man-at-Arms
47:26 Gambesons
48:40 Bracer
48:05 Long Swordsman
48:46 Two-Handed Swordsman
52:57 Two-Man Saw
54:03 Plate Mail Armor
53:52 Champion
55:27 Town Patrol
Edmond.
1:23 Loom
11:50 Feudal Age
16:31 Castle Age
15:00 Double-Bit Axe
14:56 Horse Collar
22:20 Heavy Plow
23:46 Bow Saw
25:19 Wheelbarrow
27:22 Gold Mining
27:54 Hand Cart
31:12 Imperial Age
31:18 Imperial Age
28:35 Town Watch
28:52 Gambesons
29:07 Squires
28:53 Arson
29:10 Scale Mail Armor
29:33 Stone Mining
29:46 Treadmill Crane
32:04 Stone Shaft Mining
31:38 Town Patrol
32:19 Chain Mail Armor
31:26 Elite Varangian Guard
32:49 Caravan
33:10 Forging
33:28 Masonry
34:01 Crop Rotation
35:03 Conscription
35:35 Plate Mail Armor
35:41 Iron Casting
35:50 Fletching
37:28 Blast Furnace
37:08 Coinage
38:02 Chemistry
37:02 Gothikon
38:34 Banking
39:05 Bodkin Arrow
39:12 Padded Archer Armor
39:28 Elite Jarl
41:50 Bracer
42:11 Ballistics
45:25 Two-Man Saw
44:02 Man-at-Arms
46:27 Leather Archer Armor
47:06 Long Swordsman
49:45 Two-Handed Swordsman
Bar
0:53 Loom
11:37 Feudal Age
15:20 Castle Age
13:11 Horse Collar
15:22 Double-Bit Axe
19:19 Bow Saw
19:15 Fletching
20:35 Wheelbarrow
19:47 Town Watch
22:22 Hand Cart
23:06 Stone Mining
23:59 Fortified Wall
23:57 Heavy Plow
30:07 Imperial Age
28:09 Masonry
28:13 Padded Archer Armor
28:15 Bodkin Arrow
29:31 Caravan
30:18 Leather Archer Armor
30:42 Squires
31:00 Grand Trunk Road
32:19 Chemistry
31:15 Gold Mining
32:04 Stone Shaft Mining
32:46 Two-Man Saw
32:17 Conscription
33:21 Shatagni
34:00 Gold Shaft Mining
34:50 Ring Archer Armor
34:21 Bracer
35:31 Hoardings
36:58 Forging
37:29 Ballistics
37:17 Siege Engineers
38:47 Ballistics
39:10 Elite Ghulam
47:00 Iron Casting
46:27 Scale Mail Armor
48:18 Siege Elephant
55:51 Chain Mail Armor
56:44 Blast Furnace
Connection lost

Rejoining the realm…

Still unreachable

The connection could not be restored.

Session expired

The server has moved on; the page needs a fresh start.